 Dungeon Crawl Stone Soup version 0.30-a0-160-gcfceee88d3 (webtiles) character file.

Game seed: 16628569703573069616

1199 qw the Cleaver (level 8, -7/51 HPs)
             Began as a Gargoyle Fighter on Sept 27, 2022.
             Killed by divine providence
             ... invoked by an orc priest
              (11 damage)
             ... on level 6 of the Dungeon.
             The game lasted 00:01:52 (5715 turns).

qw the Cleaver (Gargoyle Fighter)                   Turns: 5715, Time: 00:01:53

Health: -7/51      AC: 16    Str: 22    XL:     8   Next: 44%
Magic:  8/8        EV: 11    Int:  9    God:
Gold:   224        SH:  9    Dex:  9    Spells: 7/7 levels left

rFire   . . .      SeeInvis .    Y - +2 war axe
rCold   . . .      Faith    .    c - +0 buckler
rNeg    + + .      Spirit   .    f - +0 chain mail
rPois   inf        Reflect  +    (no helmet)
rElec   +          Harm     .    (no cloak)
rCorr   .          Rampage  .    k - +1 pair of gloves
Will    .....                    (no boots)
Stlth   ..........               t - amulet of reflection
HPRegen 0.17/turn                a - ring of positive energy
MPRegen 0.11/turn                p - +4 ring of evasion

@: about to teleport
A: sickness immunity, AC +5, negative energy resistance 1, electricity
resistance, torment resistance 1, petrification resistance, MP-powered wands
a: no special abilities


You were on level 6 of the Dungeon.
You visited 1 branch of the dungeon, and saw 6 of its levels.

You collected 224 gold pieces.


Innate Abilities, Weirdness & Mutations

You are immune to sickness and miasma.
Your stone body is resilient. (AC +5)
You are immune to poison.
You resist negative energy. (rN+)
You are resistant to electric shocks. (rElec)
You are resistant to unholy torment.
You are immune to petrification.
You expend magic power (3 MP) to strengthen your wands.


   Skills:
 + Level 5.7 Fighting
 - Level 8.0 Axes
 - Level 1.1 Throwing
 - Level 3.2 Armour
 - Level 1.0 Dodging
 - Level 3.2 Shields


You had 7 spell levels left.
You didn't know any spells.
Your spell library was empty.

Inventory:

Hand Weapons
 m - a +0 flail
 Y - a +2 war axe (weapon)
Missiles
 u - 2 boomerangs (quivered)
Armour
 c - a +0 buckler (worn)
 f - a +0 chain mail (worn)
 k - a +1 pair of gloves (worn)
Jewellery
 a - a ring of positive energy (left hand)
 p - a +4 ring of evasion (right hand)
 s - a ring of ice
 t - an amulet of reflection (around neck)
Scrolls
 h - a scroll of identify
Potions
 d - a potion of might
 e - a potion of resistance
 g - 3 potions of curing
 j - a potion of mutation
 l - a potion of ambrosia {unknown}
 o - 2 potions of brilliance {unknown}
 r - a potion of cancellation {unknown}

Dungeon Overview and Level Annotations

Branches:
Dungeon (6/15)
 Temple: D:4-7

Altars:
Nemelex Xobeh
Sif Muna
Wu Jian
Xom

Shops:
D:4 [

Annotations:
D:1 2 transporters


Message History

The orc priest mumbles some strange prayers to Beogh against you.
Beogh smites you!
The necrophage hits you but does no damage.
The orc warrior hits you from afar with a +0 glaive.
The scorpion completely misses you.
The orc priest hits you but does no damage.
You block the orc wizard's attack. The necrophage closely misses you.
You block the orc warrior's attack.
You barely miss the necrophage.
The necrophage is almost destroyed.
You hit the scorpion. You barely miss the orc wizard.
You block the scorpion's attack.
The orc priest hits you from afar with a +0 trident.
The orc wizard hits you but does no damage.
The necrophage hits you but does no damage.
An orc comes into view. It is wielding a +0 flail.
The orc warrior completely misses you. You block the scorpion's attack.
You slash the necrophage!
You destroy the necrophage!
You barely miss the orc wizard. You hit the scorpion.
You block the scorpion's attack. You block the orc warrior's attack.
The orc priest calls upon Beogh to heal the orc wizard.
The orc wizard is healed somewhat.
You barely miss the scorpion.
The scorpion is severely wounded.
You hit the orc wizard but do no damage.
You barely miss the orc priest. The scorpion stings you.
You block the orc warrior's attack.
The orc priest hits you but does no damage.
You block the orc wizard's attack.
The orc priest calls down the wrath of Beogh upon you.
Beogh smites you!
5715 ||| READING scroll of teleportation.
As you read the scroll of teleportation, it crumbles to dust.
You feel strangely unstable.
The scorpion stings you but does no damage.
The orc priest closely misses you. You block the orc wizard's attack.
The orc priest mumbles some strange prayers to Beogh against you.
Beogh smites you!
You die...

.. .# ## ##. ..
.#.)[. .## )#(...
..###....#.
######..#.......
oooo..ooo..#....
#.o.......
####o@%##.$#
#...%.s.#
########..##.....
#:::####.##
##....
#######...# ...
#.....#.### ..
#.._..#.# .
#.....#.#
#####'#.#


You could see an orc warrior, a scorpion, 2 orc priests, an orc wizard and an
orc.

Vanquished Creatures
  2 ice beasts (D:5)
  A black bear (D:6)
  An ogre (D:4)
  A phantom (D:4)
  2 necrophages
  2 scorpions
  3 hounds
  A jelly (D:4)
  5 orc priests
  An iguana (D:4)
  An orc wizard (D:4)
  4 gnolls (D:5)
  5 adders
  3 ufetubi
  3 worms
  2 dart slugs
  13 orcs
  5 endoplasms
  5 giant cockroaches
  8 hobgoblins
  3 jackals (D:2)
  7 quokkas
  6 ball pythons
  6 bats
  2 frilled lizards (D:1)
  5 goblins
  8 kobolds
  A rat (D:2)
106 creatures vanquished.

Notes
Turn   | Place    | Note
-------+----------+-------------------------------------------
     0 | D:1      | qw the Gargoyle Fighter began the quest for the Orb.
     0 | D:1      | Reached XP level 1. HP: 14/14 MP: 1/1
     0 | D:1      | 0 ||| qw: Version: 0.2-a-10-g37ed214
     0 | D:1      | 0 ||| qw: Game counter: 584
     0 | D:1      | 0 ||| qw: Always use a shield: true
     0 | D:1      | 0 ||| qw: God list: Okawaru
     0 | D:1      | 0 ||| qw: Allow faded altars: false
     0 | D:1      | 0 ||| qw: Do Orc after D:15 true
     0 | D:1      | 0 ||| qw: Do second Lair branch before Depths: true
     0 | D:1      | 0 ||| qw: Lair rune preference: random
     0 | D:1      | 0 ||| qw: Plans: Normal, Zot:1-4, God:TSO, Crypt, Tomb,
                  | Pan, Slime:5, Hells, Abyss, Orb
     0 | D:1      | 0 ||| PLANNING D:1-11
    40 | D:1      | Reached skill level 2 in Axes
    55 | D:1      | HP: 3/14 [giant cockroach (2)]
   338 | D:1      | Reached XP level 2. HP: 16/19 MP: 2/2
   439 | D:1      | 439 ||| Stepping ~*~*~tactically~*~*~ (stealth).
   440 | D:1      | 440 ||| Stepping ~*~*~tactically~*~*~ (stealth).
   470 | D:1      | 470 ||| Stepping ~*~*~tactically~*~*~ (stealth).
   498 | D:1      | 498 ||| DROPPING +0 club.
   633 | D:1      | Reached skill level 3 in Axes
   696 | D:1      | Reached XP level 3. HP: 17/23 MP: 3/3
   853 | D:1      | 853 ||| UPGRADING to +0 chain mail.
   863 | D:1      | 863 ||| DROPPING +0 scale mail.
   864 | D:1      | 864 ||| DROPPING +2 scale mail of poison resistance.
   865 | D:1      | 865 ||| READING 2 scrolls labelled TUNNEE ILAF.
   866 | D:1      | 866 ||| READING scroll of enchant weapon.
   866 | D:1      | 866 ||| ENCHANTING +1 war axe.
   867 | D:1      | 867 ||| READING 2 scrolls labelled USHROGR DEBBYG.
  1033 | D:2      | 1033 ||| Stepping ~*~*~tactically~*~*~ (stealth).
  1035 | D:2      | 1035 ||| Stepping ~*~*~tactically~*~*~ (stealth).
  1164 | D:2      | You fall into a shaft and drop 1 floor!
  1455 | D:2      | Found an ornate altar of the Wu Jian Council.
  1695 | D:2      | Found a faded altar of an unknown god.
  1696 | D:2      | 1696 ||| UPGRADING to +1 pair of gloves.
  1701 | D:2      | 1701 ||| READING 2 scrolls of identify.
  1701 | D:2      | 1701 ||| IDENTIFYING murky black potion
  1702 | D:2      | 1702 ||| DROPPING potion of berserk rage.
  1772 | D:3      | 1772 ||| STAIRDANCE
  1801 | D:3      | 1801 ||| Stepping ~*~*~tactically~*~*~ (hiding).
  1813 | D:3      | Reached skill level 4 in Axes
  1813 | D:3      | Reached XP level 4. HP: 13/28 MP: 4/4
  2182 | D:3      | 2182 ||| Stepping ~*~*~tactically~*~*~ (hiding).
  2201 | D:3      | Reached XP level 5. HP: 27/32 MP: 5/5
  2259 | D:3      | 2259 ||| Stepping ~*~*~tactically~*~*~ (stealth).
  2267 | D:3      | 2267 ||| DROPPING +0 whip.
  2730 | D:3      | 2730 ||| UPGRADING to ring of positive energy.
  2731 | D:3      | 2731 ||| DRINKING 2 murky golden potions.
  2732 | D:3      | 2732 ||| DRINKING 2 fuming puce potions.
  2732 | D:3      | Gained mutation: You expend magic power (3 MP) to
                  | strengthen your wands. [potion of mutation]
  2732 | D:3      | Gained mutation: Your skin changes colour to match your
                  | surroundings (Stealth+). [potion of mutation]
  2732 | D:3      | Lost mutation: Your skin changes colour to match your
                  | surroundings (Stealth+). [potion of mutation]
  2733 | D:3      | 2733 ||| READING 2 scrolls of identify.
  2733 | D:3      | 2733 ||| IDENTIFYING metallic purple potion
  2734 | D:3      | 2734 ||| DROPPING potion of invisibility.
  2756 | D:4      | Found Zoet's Antique Armour Shoppe.
  2773 | D:4      | 2773 ||| SHOPLISTING glowing ring mail (196 gold, have 91).
  2773 | D:4      | 2773 ||| SHOPLISTING glowing scale mail (196 gold, have
                  | 91).
  2795 | D:4      | Noticed a phantom
  2801 | D:4      | Killed a phantom
  2802 | D:4      | Reached skill level 5 in Axes
  2802 | D:4      | Reached XP level 6. HP: 33/37 MP: 6/6
  3097 | D:4      | 3097 ||| FLEEEEING.
  3204 | D:4      | Reached skill level 6 in Axes
  3220 | D:4      | 3220 ||| FLEEEEING.
  3221 | D:4      | 3221 ||| FLEEEEING.
  3222 | D:4      | 3222 ||| FLEEEEING.
  3223 | D:4      | 3223 ||| FLEEEEING.
  3224 | D:4      | 3224 ||| FLEEEEING.
  3580 | D:4      | Reached skill level 1 in Dodging
  3770 | D:4      | Reached XP level 7. HP: 43/43 MP: 7/7
  3838 | D:4      | 3838 ||| Stepping ~*~*~tactically~*~*~ (hiding).
  4492 | D:4      | Found a sparkling altar of Nemelex Xobeh.
  4492 | D:4      | Found a shimmering altar of Xom.
  4550 | D:4      | 4550 ||| UPGRADING to amulet of reflection.
  4555 | D:4      | 4555 ||| UPGRADING to +4 ring of evasion.
  4556 | D:4      | 4556 ||| READING scroll labelled FUNAIGALEH.
  4557 | D:4      | 4557 ||| READING 3 scrolls labelled LIADDE AS LIM.
  4561 | D:4      | 4561 ||| READING scroll labelled HOITRUS ALID.
  4562 | D:4      | 4562 ||| DRINKING 2 fuming coppery potions.
  4563 | D:4      | 4563 ||| READING 3 scrolls of identify.
  4563 | D:4      | 4563 ||| IDENTIFYING inky potion
  4564 | D:4      | 4564 ||| READING 2 scrolls of identify.
  4564 | D:4      | 4564 ||| IDENTIFYING cyan potion
  4565 | D:4      | 4565 ||| DROPPING potion of degeneration.
  4643 | D:5      | Entered Level 5 of the Dungeon
  4644 | D:5      | 4644 ||| PLANNING OSSUARY
  4807 | D:5      | Reached skill level 7 in Axes
  5050 | D:5      | 5050 ||| Stepping ~*~*~tactically~*~*~ (hiding).
  5063 | D:5      | HP: 11/44 [gnoll/+0 halberd (4)]
  5064 | D:5      | 5064 ||| READING 2 scrolls of teleportation.
  5065 | D:5      | 5065 ||| DRINKING potion of heal wounds.
  5267 | D:5      | Reached skill level 1 in Throwing
  5297 | D:5      | Reached XP level 8. HP: 49/49 MP: 8/8
  5307 | D:5      | 5307 ||| RIP OSSUARY
  5308 | D:5      | 5308 ||| PLANNING D:1-11
  5600 | D:5      | 5600 ||| READING scroll labelled EHOURUTOMI.
  5601 | D:5      | 5601 ||| READING scroll labelled YNASTA YVVE.
  5635 | D:6      | Reached skill level 8 in Axes
  5678 | D:6      | Found a shimmering blue altar of Sif Muna.
  5703 | D:6      | 5703 ||| Stepping ~*~*~tactically~*~*~ (hiding).
  5714 | D:6      | HP: 3/51 [orc priest/divine providence (12)]
  5715 | D:6      | 5715 ||| READING scroll of teleportation.
  5715 | D:6      | Killed from afar by an orc priest

Levels and vault maps discovered:
D:1:      spicycebolla_arrival_transporter_tutorial, layout_basic
D:2:      layout_basic, basic_altar, hellmonk_ecumenical_altar_leap_of_faith,
          roderic_malta_cross, chequers_serial_rivers_marsh
D:3:      layout_basic
D:4:      layout_basic, gammafunk_temple_overflow_wave, serial_shops, shop
D:5:      layout_cave_pods, lightli_ossuary_entry_decrepit_ruins
D:6:      layout_rooms, nicolae_sif_muna_little_library, doesnt_shop_hydraphobe

Skill      XL: |  1  2  3  4  5  6  7  8 |
---------------+-------------------------+-----
Axes           | 2 3 4 5 6 7 8 |  8.0
Fighting       | 4 5 |  5.7
Dodging        | 1 |  1.0
Throwing       | 1 |  1.1
Armour         | |  3.2
Shields        | |  3.2

Action                   |  1- 3 |  4- 6 |  7- 9 || total
-------------------------+-------+-------+-------++-------
Melee: War axe           |   111 |    89 |   135 ||   335
Throw: Boomerang         |       |     4 |    45 ||    49
  Use: Scroll            |     4 |     1 |     9 ||    14
       Potion            |       |     2 |     2 ||     4
Armor: Scale mail        |    29 |       |       ||    29
       Chain mail        |    25 |    48 |    62 ||   135
Dodge: Dodged            |    41 |    28 |    70 ||   139
Block: Buckler           |    18 |    12 |    63 ||    93

Table legend:
 A = Non-vault XP
 B = Vault XP
 C = Vault XP percentage of total XP
 D = Non-vault monster count
 E = Vault monster count
 F = Vault count percentage of total count
                 A         B        C        D         E       F
            +---------+---------+-------+---------+---------+-------
      Total |    1713 |       0 |   0.0 |     106 |       0 |   0.0
            +---------+---------+-------+---------+---------+-------
        D:1 |      34 |       0 |   0.0 |      19 |       0 |   0.0
        D:2 |      37 |       0 |   0.0 |      15 |       0 |   0.0
        D:3 |     144 |       0 |   0.0 |      20 |       0 |   0.0
        D:4 |     582 |       0 |   0.0 |      34 |       0 |   0.0
        D:5 |     608 |       0 |   0.0 |      15 |       0 |   0.0
        D:6 |     308 |       0 |   0.0 |       3 |       0 |   0.0
            +---------+---------+-------+---------+---------+-------
